 Dungeon Crawl Stone Soup version 0.26.1-2-gb8aa6d0cf2 (webtiles) character file.

Game seed: 15901955944834263536

2342 hawla the Conjurer (level 9, -7/64 HPs)
             Began as a Grey Draconian Conjurer on Feb 8, 2021.
             Was an Initiate of Ashenzari.
             Mangled by Maggie
             ... wielding a +2 long sword of flaming
              (13 damage)
             ... on level 6 of the Dungeon.
             The game lasted 00:21:49 (8336 turns).

hawla the Conjurer (Grey Draconian Conjurer)        Turns: 8336, Time: 00:21:50

Health: -7/64      AC: 12    Str:  7 (9)  XL:     9   Next: 20%
Magic:  1/19       EV: 16    Int: 21 (22) God:    Ashenzari [......]
Gold:   373        SH:  0    Dex: 13 (16) Spells: 14/21 levels left

rFire    . . .     SeeInvis +   F - +2 mace "Weyr" {freeze, Stlth+} (curse)
rCold    . . .     Faith    .   (no shield)
rNeg     . . .     Spirit   .   (armour unavailable)
rPois    .         Reflect  .   (helmet restricted)
rElec    .         Harm     .   (no cloak)
rCorr    .         Rampage  .   (no gloves)
Will     .....                  (no boots)
Stlth    +++.......             n - amulet of the acrobat
HPRegen  0.20/turn              y - +6 ring of dexterity
MPRegen  0.16/turn              b - +4 ring of evasion

@: no status effects
A: walk through water, unfitting armour, see invisible, blink, unbreathing,
cold-blooded, AC +12
a: Blink, Renounce Religion, Curse Item


You were on level 6 of the Dungeon.
You worshipped Ashenzari.
Ashenzari was noncommittal.
You visited 1 branch of the dungeon, and saw 6 of its levels.
You also visited: Ossuary.

You collected 373 gold pieces.

Inventory:

Hand Weapons
 D - a +5 quarterstaff of chaos
 F - the cursed +2 mace "Weyr" (weapon) {freeze, Stlth+}
   (You found it on level 5 of the Dungeon)

   It has been specially enchanted to freeze those struck by it, causing extra
   injury to most foes and up to half again as much damage against particularly
   susceptible opponents.
   It can also slow down cold-blooded creatures.
   It makes you more stealthy.
   It has a curse placed upon it.
Missiles
 g - 31 poisoned darts
 h - 10 boomerangs (quivered)
 C - 8 curare-tipped darts
Armour
 E - a +0 cloak
Magical Staves
 o - an uncursed staff of air
Jewellery
 a - an uncursed ring of protection from fire
 b - a +4 ring of evasion (right hand)
 e - an uncursed ring of ice
 n - an amulet of the acrobat (around neck)
 y - a +6 ring of dexterity (left hand)
Scrolls
 i - 3 scrolls of remove curse
 s - a scroll of teleportation
 w - 2 scrolls of fear
 x - 2 scrolls of vulnerability {unknown}
 z - a scroll of immolation {unknown}
 A - a scroll of blinking {unknown}
Potions
 c - a potion of attraction
 d - 2 potions of invisibility
 f - 3 potions of curing
 j - a potion of lignification
 k - a potion of mutation
 p - a potion of brilliance
 r - a potion of berserk rage
 t - 2 potions of haste
 u - a potion of cancellation
 v - a potion of might
 B - a potion of resistance


   Skills:
 - Level 1.0 Fighting
 + Level 2.4(4.0) Maces & Flails
 - Level 4.9(5.2) Staves
 - Level 2.0 Dodging
 - Level 1.7 Stealth
 + Level 6.9 Spellcasting
 - Level 7.3 Conjurations
 - Level 4.8 Translocations


You had 14 spell levels left.
You knew the following spells:

 Your Spells              Type           Power        Failure   Level
a - Magic Dart            Conj           100%         1%          1
b - Searing Ray           Conj           76%          1%          2
c - Iskenderun's Mystic   Conj/Tloc      32%          7%          4

Your spell library contained the following spells:

 Spells                   Type           Power        Failure   Level
 Dazzling Flash           Conj/Hex       44%          6%          3
 Corona                   Hex            7%           9%          1
 Ensorcelled Hibernation  Hex/Ice        14%          14%         2
 Fulminant Prism          Conj/Hex       11%          21%         4
 Confusing Touch          Hex            7%           26%         3
 Tukima's Dance           Hex            7%           26%         3


Dungeon Overview and Level Annotations

Branches:
Dungeon (6/15)            Ossuary (visited)
 Temple: D:4-7

Altars:
Ashenzari
Okawaru
Sif Muna

Annotations:
D:6 Maggie


Innate Abilities, Weirdness & Mutations

You can walk through water.
Your dull iron-grey scales are very hard. (AC +12)
You cannot fit into any form of body armour.
You can survive without breathing.
You are cold-blooded and may be slowed by cold attacks.
You have supernaturally acute eyesight. (SInv)
You can translocate small distances at will.


Message History

The bolt of fire hits you!
You are too injured to fight recklessly!
You hit Maggie but do no damage. You tail-slap Maggie, but do no damage.
Maggie is almost dead.
Maggie barely misses you.
It was a potion of mutation.
You feel extremely strange.
You feel jittery.
Your vision sharpens.
Maggie casts a spell at you. The bolt of fire hits you!!
* * * LOW HITPOINT WARNING * * *
It was a potion of degeneration.
There was something very wrong with that liquid.
You feel weakened.
You feel dopey.
You feel clumsy. Maggie hits you but does no damage.
It was a potion of cancellation.
Your magical effects are unravelling.
You feel magically purged.
You break out of your daze.
Maggie hits you with a +2 long sword of flaming!
You die...

#.......####........
#.........##.....#.#
#######.#.##.....#.######
#...............+.......
#.######........#.#.#.## #.#
####.....#.#.#.# #.#
#....#####.#.#.#
####)######........#.#.#.##
#...>)....@@.............).
#......#.....#...#.#.#.#.#.
######......#.###.###.#.#.#.#.#.
#...........#.# #.....#.#.......
#......######.# #######.###.#...
#))....# #.# ...........
#......# #.# ...........
#......# #.# ...........
#......# #.# .(.....)...


You could see Maggie.

Vanquished Creatures
  2 slime creatures (D:5)
  Menkaure (D:6)
  4 ogres
  2 centaurs (D:4)
  2 big kobolds (D:5)
  A bullfrog (D:6)
  2 scorpions
  A howler monkey (D:4)
  A hound (D:4)
  6 jellies (D:5)
  6 orc wizards
  Crazy Yiuf (D:5)
  5 worker ants
  An iguana (D:6)
  Terence (D:3)
  14 mummies (Ossuary)
  6 gnolls
  6 adders
  A shadow imp (D:6)
  4 oozes
  2 worms
  3 dart slugs
  2 leopard geckos
  22 orcs
  7 giant cockroaches
  5 goblins
  4 hobgoblins
  14 jackals
  4 quokkas
  A ball python (D:1)
  10 bats
  4 frilled lizards
  A gnoll skeleton (Ossuary)
  A goblin skeleton (Ossuary)
  A jackal skeleton (D:4)
  11 kobolds
  3 kobold skeletons (Ossuary)
  2 leopard gecko skeletons
  A leopard gecko zombie (D:6)
  3 orc skeletons (Ossuary)
  4 rats
  11 rat skeletons (Ossuary)
183 creatures vanquished.

Vanquished Creatures (others)
  7 fungi (D:5)
  8 toadstools (D:5)
15 creatures vanquished.

Grand Total: 198 creatures vanquished

Notes
Turn   | Place    | Note
-------+----------+-------------------------------------------
     0 | D:1      | hawla the Draconian Conjurer began the quest for the Orb.
     0 | D:1      | Reached XP level 1. HP: 14/14 MP: 3/3
   357 | D:1      | Reached XP level 2. HP: 20/20 MP: 3/5
   429 | D:1      | Learned a level 2 spell: Searing Ray
  1145 | D:1      | Reached XP level 3. HP: 26/26 MP: 2/6
  1587 | D:2      | Found a shimmering blue altar of Sif Muna.
  2200 | D:2      | Reached skill level 5 in Conjurations
  2391 | D:3      | Reached XP level 4. HP: 28/33 MP: 1/8
  2423 | D:3      | Learned a level 4 spell: Iskenderun's Mystic Blast
  2600 | D:3      | Reached skill level 1 in Translocations
  2717 | D:3      | Noticed Terence
  2744 | D:3      | Killed Terence
  2951 | D:3      | Reached XP level 5. HP: 38/38 MP: 4/9
  3902 | D:4      | Reached XP level 6. HP: 40/45 MP: 0/11
  4052 | D:4      | Reached skill level 6 in Conjurations
  4366 | D:4      | Your scales start taking on a dull iron-grey colour.
  4366 | D:4      | Reached XP level 7. HP: 42/50 MP: 1/12
  4366 | D:4      | Gained mutation: You can survive without breathing. [Grey
                  | Draconian growth]
  4890 | D:5      | Entered Level 5 of the Dungeon
  5159 | D:5      | Reached skill level 7 in Conjurations
  5225 | D:5      | Found an iron altar of Okawaru.
  5396 | D:5      | Found a sand-covered staircase.
  5424 | Ossuary  | Entered an ossuary
  5743 | Ossuary  | Reached skill level 1 in Staves
  5782 | Ossuary  | Reached XP level 8. HP: 57/57 MP: 9/14
  6844 | D:5      | Found a broken altar of Ashenzari.
  6855 | D:5      | Became a worshipper of Ashenzari the Shackled
  6946 | D:5      | Reached skill level 5 in Spellcasting
  7047 | D:5      | Noticed a slime creature
  7056 | D:5      | Killed a slime creature
  7067 | D:5      | Noticed a slime creature
  7117 | D:5      | Found a runed translucent door.
  7118 | D:5      | Noticed Crazy Yiuf
  7572 | D:5      | Killed a slime creature
  7743 | D:5      | Killed Crazy Yiuf
  7751 | D:5      | Got the mace "Weyr" {freeze, Stlth+}
  7784 | D:6      | Identified the +2 mace "Weyr" {freeze, Stlth+} (You found
                  | it on level 5 of the Dungeon)
  7885 | D:6      | Reached XP level 9. HP: 63/63 MP: 12/18
  7923 | D:6      | Reached skill level 1 in Fighting
  7923 | D:6      | Reached skill level 1 in Maces & Flails
  8003 | D:6      | Noticed Menkaure
  8011 | D:6      | Killed Menkaure
  8111 | D:6      | Noticed Maggie
  8334 | D:6      | Gained mutation: You can translocate small distances at
                  | will. [potion of mutation]
  8334 | D:6      | Gained mutation: You have supernaturally acute eyesight.
                  | (SInv) [potion of mutation]
  8336 | D:6      | Mangled by Maggie

Illustrated notes

Levels and vault maps discovered:
D:1:      amcnicky_arrival_abandoned_market, layout_loops_ring,
          minmay_heptomino_o4
D:2:      layout_basic, lemuel_blue_sif_altar, grunt_decor_clamped,
          columned_hall_lemuel
D:3:      layout_basic, minmay_starry_boxes, uniq_terence
D:4:      layout_loops_ring, gup_sewer_entry_bubbles,
          eino_small_chamber_without_monster
D:5:      cheibrodos_fertilizer, layout_basic, okawaru_ov_weapons_minmay,
          enter_ossuary_2, cheibrodos_ashenzari_chains, uniq_crazy_yiuf_cottage
D:6:      layout_basic, uniq_menkaure, uniq_maggie

Skill      XL: |  1  2  3  4  5  6  7  8  9 |
---------------+----------------------------+-----
Conjurations   | 5 6 7 |  7.3
Translocations | 1 2 3 4 |  4.8
Spellcasting   | 3 4 6 |  6.9
Staves         | 1 4 |  4.9
Dodging        | 2 |  2.0
Fighting       | 1 |  1.0
Maces & Flails | 2 |  2.4
Stealth        | |  1.7

Action                   |  1- 3 |  4- 6 |  7- 9 || total
-------------------------+-------+-------+-------++-------
Melee: Whip              |    12 |    32 |     6 ||    50
       Tailslap          |     1 |     4 |     4 ||     9
       Staff             |       |       |    18 ||    18
       Mace              |       |       |    23 ||    23
Throw: Boomerang         |       |       |     2 ||     2
 Cast: Magic Dart        |    39 |    20 |    15 ||    74
       Searing Ray       |    17 |    31 |    66 ||   114
       Iskenderun's Myst |       |       |    15 ||    15
Invok: Curse Item        |       |       |     1 ||     1
  Use: Scroll            |     2 |     2 |     7 ||    11
       Potion            |       |     2 |     6 ||     8
Armor: Skin              |     5 |     4 |    18 ||    27
Dodge: Dodged            |    17 |    75 |    69 ||   161
